 Dungeon Crawl Stone Soup version 0.18.1-48-g4cf74bf (webtiles) character file.

80 Jerry the Insei (level 4, 0/31 HPs)
             Began as an Octopode Monk on Aug 10, 2016.
             Slain by an adder (3 damage)
             ... on level 2 of the Dungeon.
             The game lasted 00:03:46 (1652 turns).

Jerry the Insei (Octopode Monk)                     Turns: 1652, Time: 00:03:46

Health: 0/31       AC:  1    Str:  8 (10) XL:     4   Next: 39%
Magic:  4/4        EV: 13    Int: 12 (15) God:
Gold:   144        SH:  0    Dex: 12 (15) Spells: 0 memorised, 3 levels left

rFire  . . .     SeeInvis .       - Unarmed
rCold  . . .     Gourm    .     (no shield)
rNeg   . . .     Faith    .     (helmet restricted)
rPois  .         Spirit   .     (no amulet)
rElec  .         Dismiss  .     c - +3 ring of intelligence
rCorr  .         Reflect  .     (no ring)
SustAt .         Harm     .     (no ring)
MR     .....                    (no ring)
Stlth  +++.......               (no ring)
                                (no ring)
                                (no ring)
                                (no ring)

@: lethally poisoned (0 -> -16), hasted, very quick, not resistant to hostile
enchantments, fairly stealthy
A: almost no armour, amphibious, 8 rings, constrict 8, camouflage 1, gelatinous
body 1
a: no special abilities


You were on level 2 of the Dungeon.
You were not hungry.

You visited 1 branch of the dungeon, and saw 2 of its levels.

You collected 144 gold pieces.

Inventory:

Hand Weapons
 e - a +0 dagger of holy wrath
Missiles
 m - 44 stones (quivered)
Jewellery
 c - a +3 ring of intelligence (left tentacle)
 h - an uncursed ring of protection from magic {unknown}
Scrolls
 b - 3 scrolls of enchant armour {unknown}
 f - 2 scrolls of recharging {unknown}
 j - a scroll of identify {unknown}
 k - 2 scrolls of remove curse {unknown}
Comestibles
 a - 2 bread rations
 d - a meat ration
 g - a beef jerky
 p - a chunk of flesh


   Skills:
 - Level 3.0 Fighting
 + Level 4.2 Dodging
 - Level 2.6 Stealth
 + Level 4.8 Unarmed Combat


You had 3 spell levels left.
You didn't know any spells.

Dungeon Overview and Level Annotations

Branches:
Dungeon (2/15)

Altars:


Innate Abilities, Weirdness & Mutations

You cannot wear most types of armour.
You are amphibious.
You can wear up to eight rings at the same time.
You can use your tentacles to constrict eight enemies at once.
Your skin changes colour to match your surroundings (Stealth).
Your rubbery body absorbs attacks (AC +1).


Message History

There was something very wrong with that liquid.
You feel weakened.
You feel dopey.
You feel clumsy.
You constrict the adder.
* * * LOW HITPOINT WARNING * * *
You feel sick. The adder closely misses you.
Drink which item? (? for menu, Esc to quit)
It was a potion of cancellation.
You feel magically purged.
You constrict the adder.
* * * LOW HITPOINT WARNING * * *
You feel sick. The adder closely misses you. The adder barely misses you.
Drink which item? (? for menu, Esc to quit)
It was a potion of cure mutation.
It has a very clean taste.
You constrict the adder.
* * * LOW HITPOINT WARNING * * *
You feel sick. The adder closely misses you.
Drink which item? (? for menu, Esc to quit)
It was a potion of haste.
You feel yourself speed up.
You constrict the adder.
* * * LOW HITPOINT WARNING * * *
You feel sick. The adder bites you.
You die...

#.............
######.######... .#
##.## .. #.#
####.#.####..#.## ##
#.# #...###......#...
. .. #.#
#.##.#.#####.#..# #.
#.# #.# ##.###.## #..#
#.##.#####.# .#.###.#
# #S)#####...........
.......#
#.#.@r...............
...#####
#.#..##.#####.#.###..
.### #...?.....#
#.#.###.> .###
###..##.#.###....##..
....
#..##.#.##....#.#..
####
#..#...>#..†.......
#.............#.#.#
####..#....###....##.#
...............#.###.#


You could see an adder and a rat.

Vanquished Creatures
  3 adders (D:2)
  2 worms (D:2)
  2 dart slugs
  A giant gecko (D:1)
  2 giant cockroaches (D:1)
  10 goblins
  4 hobgoblins
  2 jackals (D:1)
  6 kobolds
  A quokka (D:2)
  4 bats
  2 giant newts (D:1)
  2 rats (D:1)
41 creatures vanquished.

Notes
Turn   | Place    | Note
--------------------------------------------------------------
     0 | D:1      | Jerry the Octopode Monk began the quest for the Orb.
     0 | D:1      | Reached XP level 1. HP: 16/16 MP: 1/1
    64 | D:1      | Reached XP level 2. HP: 14/21 MP: 2/2
   698 | D:1      | Reached XP level 3. HP: 23/26 MP: 3/3
  1440 | D:2      | Reached XP level 4. HP: 27/31 MP: 4/4
  1652 | D:2      | Slain by an adder

Skill      XL: |  1  2  3 |
---------------+----------+-----
Dodging        | 4 |  4.2
Fighting       | |  3.0
Stealth        | |  2.6
Unarmed Combat | |  4.8

Action                   |  1- 3 |  4- 6 || total
-------------------------+-------+-------++-------
Melee: Unarmed           |    70 |    21 ||    91
       Constrict         |    18 |     8 ||    26
       Tentacles         |     9 |     3 ||    12
       Punch             |     1 |       ||     1
  Use: Potion            |       |     4 ||     4
 Stab: Sleeping          |    12 |     1 ||    13
  Eat: Chunk             |     1 |     1 ||     2
Armor: Skin              |     5 |     1 ||     6
Dodge: Dodged            |    32 |    13 ||    45
